 Dungeon Crawl Stone Soup version 0.29.0-13-gc9e81de378 (webtiles) character file.

Game seed: 14500503177790195490

98 DuloT34 the Grave Robber (level 4, -5/33 HPs)
             Began as a Demonspawn Necromancer on Sept 9, 2022.
             Killed by divine providence
             ... invoked by an orc priest
              (15 damage)
             ... on level 2 of the Dungeon.
             The game lasted 00:03:43 (2334 turns).

DuloT34 the Grave Robber (Demonspawn Necromancer)   Turns: 2334, Time: 00:03:44

Health: -5/33      AC:  2    Str:  8    XL:     4   Next: 44%
Magic:  0/8        EV: 12    Int: 19    God:
Gold:   120        SH:  0    Dex: 13    Spells: 2/8 levels left

rFire   . . .      SeeInvis .   c - +0 dagger
rCold   . . .      Faith    .   (no shield)
rNeg    . . .      Spirit   .   a - +0 robe
rPois   .          Reflect  .   (no helmet)
rElec   .          Harm     .   (no cloak)
rCorr   .          Rampage  .   (no gloves)
Will    .....                   (no boots)
Stlth   ++........              (no amulet)
HPRegen 0.11/turn               (no ring)
MPRegen 0.11/turn               (no ring)

@: no status effects
A: powered by death 2, weakness stinger 1
a: no special abilities


You were on level 2 of the Dungeon.
You visited 1 branch of the dungeon, and saw 2 of its levels.

You collected 120 gold pieces.

Inventory:

Hand Weapons
 c - a +0 dagger (weapon)
Armour
 a - a +0 robe (worn)
Scrolls
 g - a scroll of enchant weapon


   Skills:
 + Level 1.8 Fighting
 + Level 2.6 Dodging
 - Level 1.7 Stealth
 + Level 2.7 Spellcasting
 + Level 5.0 Necromancy


You had 2 spell levels left.
You knew the following spells:

 Your Spells              Type           Power      Damage    Failure   Level
a - Necrotise             Necr           84%        1d8       1%          1
b - Vampiric Draining     Necr           21%        2d7       6%          3
c - Static Discharge      Conj/Air       2%         3-4/arc   24%         2

Your spell library contained the following spells:

 Spells                   Type           Power      Damage    Failure   Level
 Summon Small Mammal      Summ           8%         N/A       16%         1
 Animate Dead             Necr           21%        N/A       21%         4
 Mephitic Cloud           Conj/Pois/Air  2%         N/A       43%         3
 Portal Projectile        Hex/Tloc       4%         N/A       43%         3
 Tukima's Dance           Hex            2%         N/A       43%         3
 Agony                    Necr           21%        N/A       50%         5
 Blade Hands              Tmut           1%         N/A       99%         5
 Lightning Bolt           Conj/Air       1%         1d12      99%         5
 Malign Gateway           Summ/Tloc      1%         N/A       100%        7
 Maxwell's Capacitive Co  Air            1%         ∞         100%        8
 Dragon's Call            Summ           1%         N/A       100%        9


Dungeon Overview and Level Annotations

Branches:
Dungeon (2/15)

Altars:
Makhleb


Innate Abilities, Weirdness & Mutations

You regenerate health from kills.
You have a small tail.


Message History

Aim: an orc priest, wielding a +0 club and wearing a +0 ring mail (severely wounded)
You draw life force from the orc priest.
You kill the orc priest!
You feel life coursing into your body. The orc hits you but does no damage.
Your Necromancy skill increases to level 5!
Casting: Vampiric Draining (dangerous; 6% risk of failure)
Confirm with . or Enter, or press ? or * to list all spells.
Aiming: Vampiric Draining (dangerous; 6% risk of failure)
Press: ? - help, Shift-Dir - straight line, f - orc
Aim: an orc, wielding a +0 dagger and wearing a +0 chain mail You draw life force from the orc!
You kill the orc!
You feel life coursing into your body.
Casting: Vampiric Draining (dangerous; 6% risk of failure)
Confirm with . or Enter, or press ? or * to list all spells.
Aiming: Necrotise (safe; 1% risk of failure)
Press: ? - help, Shift-Dir - straight line, f - orc priest
Aim: an orc priest, wielding a +0 club and wearing a +0 chain mail (chance to affect: 80%)
The orc priest writhes in agony.
The orc priest hits you with a +0 club.
You feel better. The orc priest hits you with a +0 club.
You hit the orc priest but do no damage.
The orc priest is lightly wounded.
The orc priest hits you with a +0 club.
* * * LOW HITPOINT WARNING * * *
You feel better. The orc priest closely misses you.
You barely miss the orc priest.
The orc priest is lightly wounded.
The orc priest hits you with a +0 club.
You barely miss the orc priest.
The orc priest is lightly wounded.
The orc priest barely misses you.
Casting: Necrotise (safe; 1% risk of failure)
Confirm with . or Enter, or press ? or * to list all spells.
Aiming: Necrotise (safe; 1% risk of failure)
Press: ? - help, Shift-Dir - straight line, f/p - orc priest
Aim: an orc priest, wielding a +0 club and wearing a +0 chain mail (lightly wounded, chance to affect: 80%)
The orc priest writhes in agony!
The orc priest invokes the aid of Beogh against you.
Beogh smites you!
You die...

#............#*,,,,*,,,
#......[.....#**,***,,,
#............##*,,**,,,
#..............,,,,*,,,
#.............,,,,,*,,,
#..........#*..,,,,*,,,
#..........##..,,,,*,,,
#######o.......,,*,*,,,
#....@).......,,+,,,,,
#.............,,**,,,,
#.............,,**,***
##.......##....,,**,***
#..............,,**,*,,
#..............,,**,*,,
#..............,,**,*,,
#...............,**,,,,
#...............,******


You could see an orc priest.

Vanquished Creatures
  An orc priest (D:2)
  2 adders (D:2)
  A dart slug (D:1)
  An orc (D:2)
  4 endoplasms
  A giant cockroach (D:1)
  5 goblins
  4 hobgoblins
  3 jackals (D:2)
  2 quokkas (D:1)
  5 ball pythons
  A frilled lizard (D:1)
  3 kobolds
  6 rats
39 creatures vanquished.

Vanquished Creatures (collateral kills)
  An adder (D:2)
1 creature vanquished.

Vanquished Creatures (others)
  4 plants (D:1)
4 creatures vanquished.

Grand Total: 44 creatures vanquished

Notes
Turn   | Place    | Note
-------+----------+-------------------------------------------
     0 | D:1      | DuloT34 the Demonspawn Necromancer began the quest for the
                  | Orb.
     0 | D:1      | Reached XP level 1. HP: 13/13 MP: 3/3
   500 | D:1      | Gained mutation: You have a small tail. [demonic ancestry]
   500 | D:1      | Reached XP level 2. HP: 11/20 MP: 1/5
  1000 | D:1      | Got the Excursus on Assembled Toxicity
  1291 | D:1      | Reached skill level 1 in Fighting
  1327 | D:1      | Found a faded altar of an unknown god.
  1494 | D:2      | Found a burning altar of Makhleb.
  1511 | D:2      | Gained mutation: You regenerate a little health from kills.
                  | [demonic ancestry]
  1511 | D:2      | Reached XP level 3. HP: 17/26 MP: 1/6
  2024 | D:2      | Learned a level 3 spell: Vampiric Draining
  2156 | D:2      | Learned a level 2 spell: Static Discharge
  2299 | D:2      | Gained mutation: You regenerate health from kills. [demonic
                  | ancestry]
  2299 | D:2      | Reached XP level 4. HP: 27/32 MP: 7/7
  2327 | D:2      | Reached skill level 5 in Necromancy
  2334 | D:2      | Killed from afar by an orc priest

Illustrated notes

Levels and vault maps discovered:
D:1:      lightli_arrival_statuegarden, layout_basic,
          ebering_ecumenical_altar_webs, kennysheep_boxes
D:2:      layout_basic, basic_altar

Skill      XL: |  1  2  3  4 |
---------------+-------------+-----
Dodging        | 2 |  2.6
Fighting       | 1 |  1.8
Necromancy     | 5 |  5.0
Stealth        | |  1.7
Spellcasting   | |  2.7

Action                   |  1- 3 |  4- 6 || total
-------------------------+-------+-------++-------
Melee: Dagger            |    50 |     8 ||    58
       Unarmed           |     7 |       ||     7
       Punch             |     1 |       ||     1
       Tailslap          |     7 |     1 ||     8
 Cast: Necrotise         |    48 |     2 ||    50
       Vampiric Draining |     1 |     3 ||     4
  Use: Scroll            |     5 |       ||     5
       Potion            |       |     3 ||     3
 Stab: Sleeping          |     3 |       ||     3
Armor: Robe              |     6 |     2 ||     8
Dodge: Dodged            |    43 |     3 ||    46
